 Dungeon Crawl Stone Soup version 0.21-a0-221-gfe971b9 (webtiles) character file.

199 Maesen the Vexing (level 5, -1/36 HPs)
             Began as a Spriggan Enchanter on Aug 26, 2017.
             Slain by a kobold (4 damage)
             ... in a sewer.
             The game lasted 00:09:27 (4068 turns).

Maesen the Vexing (Spriggan Enchanter)              Turns: 4068, Time: 00:09:28

Health: -1/36      AC:  2    Str:  9    XL:     5   Next: 48%
Magic:  6/13       EV: 18    Int: 21    God:
Gold:   150        SH:  0    Dex: 17    Spells: 2/14 levels left

rFire    . . .     SeeInvis +   a - +2 dagger
rCold    . . .     Gourm    .   (shield restricted)
rNeg     . . .     Faith    .   b - +0 robe
rPois    .         Spirit   .   (helmet restricted)
rElec    .         Reflect  .   (no cloak)
rCorr    .         Harm     .   (gloves unavailable)
MR       .....                  (boots unavailable)
Stlth    ..........             (no amulet)
HPRegen  0.12/turn              o - +4 ring of intelligence
MPRegen  0.13/turn              (no ring)

@: berserking (expiring), very quick
A: unfitting armour, see invisible, herbivore 3, speed 3, slow metabolism 2
a: no special abilities


You were in a sewer.
You were not hungry.

You visited 1 branch of the dungeon, and saw 3 of its levels.
You also visited: Sewer.

You collected 150 gold pieces.

Inventory:

Hand Weapons
 a - a +2 dagger (weapon)
Missiles
 g - a throwing net (quivered)
Armour
 b - a +0 robe (worn)
Jewellery
 l - an uncursed amulet of guardian spirit {unknown}
 o - a +4 ring of intelligence (left hand)
Scrolls
 k - 2 scrolls of remove curse
 p - a scroll of enchant armour {unknown}
Potions
 c - a potion of brilliance {unknown}
 f - 2 potions of might
 h - 2 potions of heal wounds {unknown}
 j - a potion of lignification {unknown}
 n - a potion of degeneration {unknown}
Books
 m - a book of Conjurations

   Spells                             Type                      Level
   a - Magic Dart                     Conjuration                  1
   b - Searing Ray                    Conjuration                  2
   c - Dazzling Spray                 Conjuration/Hexes            3
   d - Fulminant Prism                Conjuration/Hexes            4
   e - Force Lance                    Conjuration/Translocation    4
   f - Iskenderun's Mystic Blast      Conjuration                  4
Comestibles
 d - 2 bread rations
 i - 7 fruits


   Skills:
 - Level 1.1 Short Blades
 - Level 3.0 Dodging
 - Level 4.4 Stealth
 + Level 5.3 Spellcasting
 + Level 5.9 Hexes


You had 2 spell levels left.
You knew the following spells:

 Your Spells              Type           Power        Failure   Level  Hunger
a - Ensorcelled Hibernat  Hex/Ice        ###...       4%          2    None
b - Corona                Hex            ####...      1%          1    None
c - Confuse               Hex            ####....     2%          3    ##.....
d - Tukima's Dance        Hex            ####....     2%          3    ##.....
e - Dazzling Spray        Conj/Hex       ###...       10%         3    ##.....


Dungeon Overview and Level Annotations

Branches:
Dungeon (3/15)

Altars:
Cheibriados
Trog
Uskayaw


Innate Abilities, Weirdness & Mutations

You are very small and have problems with some larger weapons.
You are too small for most types of armour.
You have supernaturally acute eyesight. (SInv)
You are a herbivore.
You cover ground extremely quickly.
You need consume almost no food.


Message History

The kobold misses you.
You closely miss the big kobold.
The big kobold is moderately wounded.
The big kobold hits you with a club!
* * * LOW HITPOINT WARNING * * *
The kobold hits you.
* * * LOW HITPOINT WARNING * * *
You hit the big kobold.
The big kobold is heavily wounded.
The big kobold completely misses you.
You closely miss the big kobold.
The big kobold is heavily wounded.
The kobold closely misses you.
You puncture the big kobold!
The big kobold is severely wounded.
The big kobold hits you but does no damage.
You hit the big kobold.
The big kobold is severely wounded.
The kobold hits you.
You die...

#### ### #..####.###
..........#####
.†............###
.....P..........#
................## ####
................)#?...#
≈.......≈≈P...≈≈@K)...#
≈≈...≈≈≈≈≈≈....≈≈K..∩)#
≈≈≈..≈≈≈≈≈P≈P.≈≈≈#.!..#
≈#######≈##############
≈≈≈ ≈≈≈≈≈ ≈≈≈ ≈≈≈≈≈≈≈ ≈
≈≈≈≈≈≈≈


You could see a big kobold and a kobold.

Vanquished Creatures
  A big kobold (Sewer)
  An orc wizard (D:3)
  An adder (D:2)
  An ooze (Sewer)
  2 worms
  4 dart slugs
  A leopard gecko (D:1)
  6 orcs (D:3)
  A ball python (Sewer)
  5 bats
  11 hobgoblins
  8 jackals
  13 kobolds
  A quokka (D:3)
  4 frilled lizards
  6 goblins
  6 rats
72 creatures vanquished.

Notes
Turn   | Place    | Note
-------+----------+-------------------------------------------
     0 | D:1      | Maesen the Spriggan Enchanter began the quest for the Orb.
     0 | D:1      | Reached XP level 1. HP: 9/9 MP: 5/5
   179 | D:2      | Reached XP level 2. HP: 13/13 MP: 7/7
   183 | D:2      | Learned a level 2 spell: Ensorcelled Hibernation
   260 | D:2      | Found a bloodstained altar of Trog.
   295 | D:2      | Found a snail-covered altar of Cheibriados.
   308 | D:2      | Found a hide-covered altar of Uskayaw.
   832 | D:2      | Reached XP level 3. HP: 16/16 MP: 9/9
   837 | D:2      | Learned a level 3 spell: Confuse
   841 | D:2      | Learned a level 3 spell: Tukima's Dance
  2642 | D:1      | Reached XP level 4. HP: 21/21 MP: 8/11
  2645 | D:1      | Reached skill level 5 in Hexes
  3410 | D:3      | Found a glowing drain.
  3427 | Sewer    | Entered a sewer
  3566 | Sewer    | Learned a level 3 spell: Dazzling Spray
  4050 | Sewer    | Noticed a big kobold
  4050 | Sewer    | Noticed a big kobold
  4060 | Sewer    | Killed a big kobold
  4060 | Sewer    | Reached skill level 5 in Spellcasting
  4060 | Sewer    | Reached XP level 5. HP: 11/24 MP: 6/13
  4068 | Sewer    | Slain by a kobold

Vault maps used:
D:1:      eino_arrival_water_cross
D:2:      cheibriados_altar_1, lemuel_crystal_altar, dk_vineyard_2,
          trog_three_pillars_becter
D:3:      cheibrodos_sewer_entry_bend
Sewer:    kennysheep_pipe_town

Skill      XL: |  1  2  3  4 |
---------------+-------------+-----
Spellcasting   | 3 4 5 |  5.3
Hexes          | 4 5 |  5.9
Short Blades   | |  1.1
Dodging        | |  3.0
Stealth        | |  4.4

Action                   |  1- 3 |  4- 6 || total
-------------------------+-------+-------++-------
Melee: Dagger            |   135 |    70 ||   205
 Cast: Corona            |     5 |       ||     5
       Ensorcelled Hiber |    28 |    20 ||    48
       Tukima's Dance    |     1 |       ||     1
       Dazzling Spray    |       |     4 ||     4
  Use: Potion            |     1 |     1 ||     2
       Scroll            |     4 |     3 ||     7
 Stab: Sleeping          |    19 |    16 ||    35
  Eat: Fruit             |     5 |       ||     5
Armor: Robe              |    10 |    10 ||    20
Dodge: Dodged            |   110 |    76 ||   186

Table legend:
 A = Spawn XP
 B = Non-spawn XP
 C = Spawn XP percentage of total XP
 D = Spawn monster count
 E = Non-spawn monster count
 F = Spawn count percentage of total count
 G = Total turns spent on level
                    A         B        C        D         E        F      G
               +---------+---------+-------+---------+---------+-------+---------
         Total |      31 |     254 |  10.9 |      14 |      58 |  19.4 |  4068
               +---------+---------+-------+---------+---------+-------+---------
           D:1 |      10 |      35 |  22.2 |       5 |      17 |  22.7 |  1554
           D:2 |       4 |      50 |   7.4 |       2 |      19 |   9.5 |  1336
           D:3 |      17 |      56 |  23.3 |       7 |       9 |  43.8 |   537
         Sewer |       0 |     113 |   0.0 |       0 |      13 |   0.0 |   641
               +---------+---------+-------+---------+---------+-------+---------
